 Dungeon Crawl Stone Soup version 0.26.1-11-gd32895ea62 (webtiles) character file.

Game seed: 8357437659582581379

104 Zeld the Twirler (level 4, -8/29 HPs)
             Began as an Octopode Gladiator on May 23, 2021.
             Killed by nerve-wracking pain
             ... invoked by Grinder
              (12 damage)
             ... on level 3 of the Dungeon.
             The game lasted 00:02:39 (3275 turns).

Zeld the Twirler (Octopode Gladiator)               Turns: 3275, Time: 00:02:40

Health: -8/29      AC:  2    Str: 14    XL:     4   Next: 80%
Magic:  4/4        EV: 14    Int: 10    God:
Gold:   200        SH:  0    Dex: 13    Spells: 3/3 levels left

rFire    . . .     SeeInvis .   a - +1 quarterstaff
rCold    . . .     Faith    .   (shield currently unavailable)
rNeg     . . .     Spirit   .   b - +1 hat
rPois    .         Reflect  .   (no amulet)
rElec    .         Harm     .   (no ring)
rCorr    .         Rampage  .   (no ring)
Will     .....                  (no ring)
Stlth    ++........             (no ring)
HPRegen  0.09/turn              (no ring)
MPRegen  0.09/turn              (no ring)
                                (no ring)
                                (no ring)

@: no status effects
A: almost no armour, stealthy swim, amphibious, 8 rings, constrict 8, camouflage
1, gelatinous body 1
a: no special abilities


You were on level 3 of the Dungeon.
You visited 1 branch of the dungeon, and saw 3 of its levels.

You collected 200 gold pieces.

Inventory:

Hand Weapons
 a - a +1 quarterstaff (weapon)
Missiles
 c - 5 throwing nets (quivered)
 r - 24 poisoned darts
Armour
 b - a +1 hat (worn)
Scrolls
 d - 3 scrolls of remove curse
 k - 2 scrolls of teleportation
Potions
 f - a potion of curing
 g - 2 potions of magic {unknown}
 i - a potion of attraction {unknown}
 j - 3 potions of flight {unknown}
 l - a potion of haste {unknown}
 m - a potion of might {unknown}
 n - 2 potions of brilliance {unknown}
 p - a potion of berserk rage {unknown}


   Skills:
 - Level 2.0 Fighting
 * Level 5.3 Staves
 - Level 2.0 Throwing
 - Level 3.0 Dodging


You had 3 spell levels left.
You didn't know any spells.
Your spell library was empty.

Dungeon Overview and Level Annotations

Branches:
Dungeon (3/15)

Altars:
Wu Jian

Annotations:
D:3 Grinder


Innate Abilities, Weirdness & Mutations

You cannot wear most types of armour.
You are very stealthy in the water. (Stealth+)
You are amphibious.
You can wear up to eight rings at the same time.
You can use your tentacles to constrict eight enemies at once.
Your skin changes colour to match your surroundings (Stealth+).
Your rubbery body absorbs attacks. (AC +1, EV +1)


Message History

You are too injured to fight recklessly!
You hit Grinder.
Grinder is heavily wounded.
You constrict Grinder.
Grinder drinks a potion.
Grinder is healed!
The bat misses you.
You hit Grinder. You squeeze Grinder, but do no damage.
Grinder is lightly wounded.
You constrict Grinder. The bat hits you.
* * * LOW HITPOINT WARNING * * *
The bat hits you.
* * * LOW HITPOINT WARNING * * *
Grinder gestures at you. Pain shoots through your body!
* * * LOW HITPOINT WARNING * * *
You completely miss Grinder. You squeeze Grinder.
Grinder is lightly wounded.
You constrict Grinder. The bat misses you. Grinder gestures at you.
Pain shoots through your body!
You die...

... #####.## #.. #.####
######.#############.....
......>........#.....####
######.###..####.....###
#.#.......#..##...#
##############.#.#...###..#....##
#................5.........._....
#............).#@###.##.##....#..
#..............#........##...##..
#..............#.#......####.....
#..............#.#......####.....
........######.#.#...........####
##.......(.....#.#####+###.......
.#.#.###########.# #. #.......
.....# .....##.###....... ##..##
........<......


You could see Grinder.

Vanquished Creatures
  2 adders
  An ooze (D:1)
  3 worms
  A dart slug (D:1)
  3 leopard geckos
  5 orcs (D:3)
  A ball python (D:3)
  2 bats (D:3)
  2 giant cockroaches (D:1)
  8 goblins
  8 hobgoblins
  3 jackals
  2 quokkas (D:3)
  5 frilled lizards
  7 kobolds
  11 rats
64 creatures vanquished.

Vanquished Creatures (others)
  2 plants (D:1)
2 creatures vanquished.

Grand Total: 66 creatures vanquished

Notes
Turn   | Place    | Note
-------+----------+-------------------------------------------
     0 | D:1      | Zeld the Octopode Gladiator began the quest for the Orb.
     0 | D:1      | Reached XP level 1. HP: 14/14 MP: 1/1
   247 | D:1      | Reached XP level 2. HP: 19/19 MP: 2/2
   397 | D:1      | Reached skill level 4 in Staves
   742 | D:1      | Reached XP level 3. HP: 24/24 MP: 3/3
  2303 | D:3      | Found an ornate altar of the Wu Jian Council.
  2351 | D:3      | Reached XP level 4. HP: 26/29 MP: 4/4
  2558 | D:3      | Reached skill level 5 in Staves
  2915 | D:3      | Noticed Grinder
  3268 | D:3      | Paralysed by Grinder for 3 turns
  3275 | D:3      | Killed from afar by Grinder

Illustrated notes

Levels and vault maps discovered:
D:1:      dpeg_arrival_shelter, layout_basic, serial_forest,
          infiniplex_forest_end_1, infiniplex_forest_clump_small,
          infiniplex_forest_end_3, infiniplex_forest_straight_2,
          infiniplex_forest_lined_2, infiniplex_forest_side_room,
          infiniplex_forest_clump_small, serial_bayou_pond_b
D:2:      layout_basic
D:3:      layout_basic, nicolae_overflow_crystal_walls, minmay_joined_circles,
          uniq_grinder

Skill      XL: |  1  2  3  4 |
---------------+-------------+-----
Staves         | 4 5 |  5.3
Fighting       | |  2.0
Throwing       | |  2.0
Dodging        | |  3.0

Action                   |  1- 3 |  4- 6 || total
-------------------------+-------+-------++-------
Melee: Quarterstaff      |    77 |    57 ||   134
       Constrict         |    16 |    11 ||    27
       Tentacles         |    14 |    10 ||    24
  Use: Scroll            |       |     8 ||     8
 Stab: Sleeping          |    10 |     1 ||    11
Armor: Skin              |     1 |    12 ||    13
Dodge: Dodged            |    26 |    40 ||    66
